 Dungeon Crawl Stone Soup version 0.13.0-17-g5f0e85f (webtiles) character file.

28039 Lilouch the Protected (level 13, -1/71 HPs)
             Began as a Gargoyle Fighter on Oct 21, 2013.
             Was a High Priest of Okawaru.
             Slain by a ghost moth (8 damage)
             ... on Level 3 of the Lair of Beasts.
             The game lasted 01:36:22 (20041 turns).

Lilouch the Protected (Gargoyle Fighter)           Turns: 20041, Time: 01:36:22

HP  -1/71        AC 32     Str 29 (31) XL: 13   Next: 28%
MP   1/27        EV  4     Int  1 (9)  God: Okawaru [*****.]
Gold 1216        SH 29     Dex  7 (9)  Spells:  0 memorised, 12 levels left

Res.Fire  : + . .   See Invis. : .   r - +1,+2 flail (protect)
Res.Cold  : + . .   Warding    : .   X - +2 chain mail {MR+}
Life Prot.: + . .   Conserve   : .   Z - -1 large shield of the Bulwark {+Rage rPois rF+ rC+ Str+1}
Res.Poison: +       Res.Corr.  : .   (no helmet)
Res.Elec. : +       Clarity    : +   e - -1 cloak
Sust.Abil.: . .     Spirit.Shd : .   m - -1 pair of orc gloves {Str+3}
Res.Mut.  : .       Stasis     : .   h - -1 pair of boots
Res.Rott. : +       Flight     : .   C - amulet of clarity
Saprovore : . . .                    (no ring)
                                     k - ring of invisibility

@: quite resistant to hostile enchantments, extremely unstealthy
A: fangs 1, talons 2, blink 1, life protection 1, electricity resistance, slow
metabolism 1, unbreathing, petrification resistance, AC +10, Str +2
a: Blink, Heroism, Finesse, Renounce Religion, Evoke Berserk Rage, Evoke
Invisibility


You were on level 3 of the Lair of Beasts.
You worshipped Okawaru.
Okawaru was extremely pleased with you.
You were not hungry.

You visited 3 branches of the dungeon, and saw 20 of its levels.

You collected 1196 gold pieces.

Inventory:

Hand weapons
 r - a +1,+2 flail of protection (weapon)
 H - a +2,+1 orcish flail of holy wrath
 S - a +7 blowgun
Missiles
 c - 4 poisoned darts (quivered)
 u - 3 exploding darts
 x - 8 curare-tipped needles
 E - 33 poisoned needles
Armour
 a - a +2 plate armour
 e - a -1 cloak (worn)
 h - a -1 pair of boots (worn)
 m - a -1 pair of orcish gloves of strength (worn)
 Q - a +0 pair of dwarven gloves
 X - a +2 chain mail of magic resistance (worn)
 Z - the -1 large shield of the Bulwark (worn) {+Rage rPois rF+ rC+ Str+1}
   (You took it off Louise on level 14 of the Dungeon)

   It affects your strength (+1).
   It protects you from fire.
   It protects you from cold.
   It protects you from poison.
   It lets you go berserk.
Magical devices
 j - a wand of fireball (3)
 n - a wand of random effects (7)
 K - a wand of flame (5)
 O - a wand of slowing (4)
 Y - a wand of cold (5)
Comestibles
 d - 11 bread rations
Scrolls
 b - a scroll of enchant weapon II {unknown}
 g - 5 scrolls of identify
 i - a scroll of recharging {unknown}
 l - a scroll of remove curse
 t - 4 scrolls of teleportation
Jewellery
 k - a ring of invisibility (left hand)
 C - an amulet of clarity (around neck)
 R - an uncursed amulet of stasis
Potions
 f - 9 potions of curing
 o - a potion of poison {unknown}
 p - a potion of cure mutation {unknown}
 D - 2 potions of invisibility
 F - a potion of speed
 L - 5 potions of heal wounds


   Skills:
 - Level 3.2 Fighting
 - Level 10.0 Maces & Flails
 + Level 14.6 Armour
 - Level 3.5 Shields
 + Level 10.3 Invocations
 + Level 11.7 Evocations


You had 12 spell levels left.
You didn't know any spells.

Dungeon Overview and Level Annotations

Branches:
Dungeon (16/27)            Temple (1/1) D:7             Orc (0/4) D:7
   Lair (3/8) D:8
  Swamp: Lair:3-6    Shoals: Lair:3-6     Snake: Lair:3-6    Spider: Lair:3-6
 Vaults: D:15-20

Altars:
Ashenzari
Cheibriados
Kikubaaqudgha
Makhleb
Nemelex Xobeh
Okawaru
Sif Muna
Trog
the Shining One

Shops:
D:7 (   D:8 +

Portals:
Trove: D:11 (show abyssal rune of Zot)

Annotations:
D:4 Prince Ribbit


Innate Abilities, Weirdness & Mutations

You are resistant to torment.
You are immune to poison.
Your stone body is very resilient (AC +9).
You have very sharp teeth.
You have razor-sharp toenails.
You resist negative energy.
You are resistant to electric shocks.
You have a slow metabolism.
You can survive without breathing.
You are immune to petrification.
You are partially covered in icy blue scales (AC +1).
You can translocate small distances at will.
Your muscles are strong. (Str +2)


Message History

It stings you.
You hit it. It hits you!
* * * LOW HITPOINT WARNING * * *
You feel weakened. It hits you but does no damage.
It stings you but does no damage.
You hit it but do no damage. It hits you but does no damage.
It hits you but does no damage. You block its attack.
You completely miss it. It hits you.
* * * LOW HITPOINT WARNING * * *
It hits you.
* * * LOW HITPOINT WARNING * * *
You feel weakened. It stings you but does no damage. It completely misses you.
It hits you but does no damage. It stings you but does no damage.
You hit it but do no damage. It hits you but does no damage.
It hits you but does no damage. You block its attack.
You miss it. You bite it. It hits you.
* * * LOW HITPOINT WARNING * * *
It hits you!
You die...

## .###. .#....
#.... ###..P
#...# ###..f###
###...@..P#
#f...#.....#
#...#.....##
##..##.......#
##...###.....##
##..###
##...... ###
##..## .....
..# ##...# #..#
..####...## .


There were no monsters in sight!

Vanquished Creatures
  Louise (D:14)
  A hydra (Lair:2)
  Urug (D:12)
  2 unseen horrors
  An orc knight (D:16)
  3 hill giants
  An oklob plant (Lair:3)
  A griffon (D:15)
  2 cyclopes
  A feature mimic (D:13)
  A spiny frog (Lair:2)
  A hydra zombie (D:13)
  4 trolls
  4 wandering mushrooms (Lair:2)
  Sonja (D:13)
  3 two-headed ogres
  2 basilisks
  A dragon skeleton (D:15)
  4 wyverns
  3 wraiths
  28 yaks
  A griffon skeleton (D:16)
  A hill giant zombie (D:10)
  A shadow (D:14)
  2 hungry ghosts
  8 ugly things (D:15)
  4 hippogriffs
  5 porcupines
  2 necrophages
  3 orc warriors
  3 black bears
  4 giant goldfish (Lair:2)
  8 ogres
  2 ice beasts
  3 phantoms
  2 sky beasts
  6 centaurs
  4 crocodiles
  2 water moccasins
  2 giant slugs
  2 brain worms
  Blork the orc (D:6)
  A gnoll sergeant (D:11)
  2 agate snails (Lair:2)
  A cyclops zombie (D:12)
  8 giant frogs
  A yak zombie (D:11)
  An eye of draining (D:13)
  A troll zombie (D:13)
  A cyclops skeleton (D:13)
  A manticore skeleton (D:8)
  5 jellies
  8 wights
  16 killer bees
  4 quasits
  A yak skeleton (D:13)
  9 crimson imps
  7 hounds
  7 orc priests
  9 goliath beetles
  A big fish (Lair:2)
  A gnoll shaman (D:9)
  A two-headed ogre skeleton (D:15)
  5 iguanas
  A giant frog skeleton (D:12)
  An orange rat (D:7)
  10 orc wizards
  3 scorpions
  7 worker ants
  An ogre zombie (D:5)
  2 crocodile skeletons
  A mummy (D:7)
  13 adders
  2 giant centipedes
  10 gnolls
  A giant mite (D:5)
  3 green rats (D:7)
  5 worms
  An iguana zombie (D:10)
  3 giant centipede zombies
  4 grey rats (D:7)
  4 giant eyeballs
  5 giant geckos
  57 orcs
  17 bats
  A bat zombie (D:5)
  7 giant cockroaches
  12 goblins
  20 hobgoblins
  15 jackals
  4 ball pythons
  A giant gecko skeleton (D:5)
  5 giant newts
  A giant spore (D:6)
  A jackal zombie (D:6)
  17 kobolds
  2 kobold skeletons
  2 orc skeletons (D:4)
  5 quokkas
  19 rats
  2 ballistomycetes (D:6)
  2 fungi
490 creatures vanquished.

Vanquished Creatures (others)
  An orc wizard (D:5)
  A boggart (D:16)
  2 fungi (Lair:2)
4 creatures vanquished.

Grand Total: 494 creatures vanquished

Notes
Turn   | Place    | Note
--------------------------------------------------------------
     0 | D:1      | Lilouch, the Gargoyle Fighter, began the quest for the Orb.
     0 | D:1      | Reached XP level 1. HP: 14/14 MP: 0/0
    97 | D:1      | Reached XP level 2. HP: 16/19 MP: 1/1
   468 | D:2      | Reached XP level 3. HP: 24/24 MP: 2/2
   973 | D:2      | Found a burning altar of Makhleb.
   973 | D:2      | Noticed a balrug
   976 | D:2      | Noticed a ynoxinul
   976 | D:2      | Noticed a ynoxinul
  1031 | D:3      | Reached skill level 4 in Armour
  1031 | D:3      | Reached XP level 4. HP: 15/28 MP: 3/3
  1351 | D:3      | Found a snail-covered altar of Cheibriados.
  1515 | D:3      | Found a sparkling altar of Nemelex Xobeh.
  1702 | D:3      | You fall through a shaft!
  1955 | D:4      | Noticed an ogre
  1966 | D:4      | Killed an ogre
  1966 | D:4      | Reached skill level 5 in Maces & Flails
  1966 | D:4      | Reached XP level 5. HP: 2/33 MP: 4/4
  2260 | D:4      | Noticed Prince Ribbit
  2343 | D:4      | Paralysed by a giant eyeball for 3 turns
  2349 | D:4      | Paralysed by a giant eyeball for 3 turns
  2355 | D:4      | Paralysed by a giant eyeball for 3 turns
  2467 | D:4      | Reached XP level 6. HP: 32/38 MP: 5/5
  3083 | D:5      | Entered Level 5 of the Dungeon
  3087 | D:5      | Reached skill level 5 in Armour
  3104 | D:5      | Reached skill level 6 in Maces & Flails
  3409 | D:5      | Reached XP level 7. HP: 24/42 MP: 6/6
  3417 | D:5      | Reached skill level 7 in Maces & Flails
  3751 | D:5      | Reached skill level 8 in Maces & Flails
  3836 | D:5      | Reached XP level 8. HP: 11/48 MP: 7/7
  4938 | D:6      | Reached skill level 9 in Maces & Flails
  5236 | D:6      | Found a deep blue altar of Sif Muna.
  5292 | D:6      | Noticed Blork the orc
  5301 | D:6      | Killed Blork the orc
  5751 | D:6      | Reached skill level 10 in Maces & Flails
  5835 | D:6      | Reached skill level 1 in Evocations
  5835 | D:6      | Reached XP level 9. HP: 28/52 MP: 7/9
  5914 | D:7      | Paralysed by a giant eyeball for 3 turns
  5931 | D:7      | Found Tamecsagh's Antique Weapon Shop.
  5982 | D:7      | Found a staircase to the Orcish Mines.
  6347 | D:7      | Found a staircase to the Ecumenical Temple.
  6354 | Temple   | Entered the Ecumenical Temple
  6365 | Temple   | Became a worshipper of Warmaster Okawaru
  6487 | D:7      | Identified the Disquisition on the Frostbite
  6608 | D:7      | Noticed a hill giant
  6622 | D:7      | Killed a hill giant
  7028 | D:8      | Found Seomem's Book Shop.
  7078 | D:8      | Reached skill level 5 in Evocations
  7098 | D:8      | Acquired Okawaru's first power
  7126 | D:8      | Found a staircase to the Lair.
  7147 | Lair:1   | Entered Level 1 of the Lair of Beasts
  7246 | Lair:1   | Reached XP level 10. HP: 36/57 MP: 18/18
  7257 | Lair:1   | Reached skill level 10 in Armour
  7914 | D:8      | Reached skill level 11 in Armour
  8062 | D:8      | Reached skill level 1 in Invocations
  9079 | D:10     | Entered Level 10 of the Dungeon
  9463 | D:10     | Killed an unseen horror
  9463 | D:10     | Reached XP level 11. HP: 38/61 MP: 22/22
  9906 | D:10     | Paralysed by a giant eyeball for 4 turns
 10942 | D:11     | Noticed a hill giant
 10951 | D:11     | Killed a hill giant
 10951 | D:11     | Reached skill level 12 in Armour
 10951 | D:11     | Reached skill level 5 in Invocations
 11413 | D:11     | Acquired Okawaru's second power
 11525 | D:11     | Found a portal to a secret trove of treasure.
 12049 | D:7      | Paralysed by a giant eyeball for 2 turns
 13308 | D:12     | Noticed Urug
 13328 | D:12     | Killed Urug
 13849 | D:13     | Noticed Sonja
 13866 | D:13     | Killed Sonja
 14148 | D:13     | Reached skill level 10 in Evocations
 14148 | D:13     | Reached XP level 12. HP: 50/66 MP: 25/25
 14391 | D:13     | Reached skill level 13 in Armour
 14784 | D:14     | Entered Level 14 of the Dungeon
 14784 | D:14     | Noticed Louise
 15083 | D:14     | Killed Louise
 15085 | D:14     | Got a brightly glowing large shield
 15105 | D:14     | Identified the -1 large shield of the Bulwark {+Rage rPois rF+ rC+ Str+1} (You took it off Louise on level 14 of the Dungeon)
 15767 | D:15     | Entered Level 15 of the Dungeon
 16683 | D:15     | Received a gift from Okawaru
 17449 | D:15     | Reached skill level 14 in Armour
 17670 | D:16     | Found an ancient bone altar of Kikubaaqudgha.
 17848 | D:15     | Gained mutation: Your muscles are strong. (Str +2) [mutagenic meat]
 17849 | D:15     | Gained mutation: You are partially covered in icy blue scales (AC +1). [mutagenic meat]
 17851 | D:15     | Gained mutation: You can translocate small distances at will. [mutagenic meat]
 18291 | Lair:2   | Noticed a seven-headed hydra
 18516 | Lair:2   | Reached XP level 13. HP: 33/71 MP: 27/27
 18677 | Lair:2   | Reached skill level 10 in Invocations
 19122 | Lair:2   | Received a gift from Okawaru
 19271 | Lair:2   | Killed a seven-headed hydra
 20041 | Lair:3   | Slain by a ghost moth

Action                   |  1- 3 |  4- 6 |  7- 9 | 10-12 | 13-15 || total
-------------------------+-------+-------+-------+-------+-------++-------
Melee: Mace              |    99 |   139 |       |       |       ||   238
       Flail             |       |    88 |   534 |  1026 |   308 ||  1956
       Eveningstar       |       |       |       |   596 |       ||   596
 Fire: Blowgun           |       |       |       |       |     4 ||     4
Throw: Dart              |       |       |     3 |       |       ||     3
Invok: Finesse           |       |       |       |     2 |     2 ||     4
       Heroism           |       |       |       |     2 |     1 ||     3
Evoke: Wand              |       |       |     3 |     4 |    12 ||    19
       Deck              |       |       |       |     5 |       ||     5
  Use: Scroll            |       |       |       |    15 |       ||    15
       Potion            |       |       |       |     2 |       ||     2
